 Dungeon Crawl Stone Soup version 0.22-a0-303-g4a852b3 (webtiles) character file.

490 Amnesiac the Gusty (level 6, 0/36 HPs)
             Began as a Deep Elf Air Elementalist on Mar 27, 2018.
             Was a Follower of Cheibriados.
             Slain by Pikel
             ... wielding a +1 whip of flaming
              (10 damage)
             ... on level 4 of the Dungeon.
             The game lasted 00:07:32 (4680 turns).

Amnesiac the Gusty (Deep Elf Air Elementalist)      Turns: 4680, Time: 00:07:33

Health: 0/36       AC:  2    Str:  4 (7)  XL:     6   Next: 90%
Magic:  2/16       EV: 13    Int: 21 (24) God:    Cheibriados [*.....]
Gold:   148        SH:  3    Dex: 17      Spells: 6/16 levels left

rFire    . . .     SeeInvis .   (no weapon)
rCold    . . .     Gourm    .   (no shield)
rNeg     . . .     Faith    .   a - +0 robe
rPois    .         Spirit   .   (no helmet)
rElec    .         Reflect  +   (no cloak)
rCorr    .         Harm     .   (no gloves)
MR       .....                  (no boots)
Stlth    ++........             b - +3 amulet of reflection
HPRegen  0.12/turn              (no ring)
MPRegen  0.15/turn              (no ring)

@: very slightly contaminated, very slow
A: no striking features
a: Bend Time, Renounce Religion


You were on level 4 of the Dungeon.
You worshipped Cheibriados.
Cheibriados was aware of your devotion.
You were not hungry.

You visited 1 branch of the dungeon, and saw 5 of its levels.

You collected 148 gold pieces.

Inventory:

Armour
 a - a +0 robe (worn)
Jewellery
 b - a +3 amulet of reflection (around neck)
Potions
 f - a potion of heal wounds {!q}
 k - a potion of brilliance {!q}
 m - 2 potions of curing {!q}
 o - a potion of cancellation {!q}
Comestibles
 c - 8 rations
 d - 2 chunks of flesh


   Skills:
 - Level 2.5 Fighting
 - Level 2.4 Dodging
 - Level 2.4 Stealth
 + Level 5.6 Spellcasting
 - Level 1.1 Conjurations
 * Level 6.0 Air Magic


You had 6 spell levels left.
You knew the following spells:

 Your Spells              Type           Power        Failure   Level  Hunger
a - Shock                 Conj/Air       ###.         2%          1    None
b - Lightning Bolt        Conj/Air       ###.......   54%         5    #####..
d - Airstrike             Air            ####......   9%          4    ####...


Dungeon Overview and Level Annotations

Branches:
Dungeon (5/15)
 Temple: D:4-7

Altars:
Cheibriados

Annotations:
D:4 exclusion: ogre, Pikel


Message History

The vampire casts a spell.
The vampire flickers and vanishes!
Deactivating autopickup; reactivate with Ctrl-A.
Something tries to affect you, but you resist.
There is a stone staircase leading up here.
You climb upwards.
Level annotation: exclusion: ogre, Pikel The slave shouts!
Pikel shouts!
Pikel hits you with a whip of flaming! Pikel burns you.
There is a stone staircase leading down here.
You can't go up here!
You can't go up here!
You can't go up here!
Pikel barely misses you.
Casting: Shock (safe; 2% risk of failure)
Confirm with . or Enter, or press ? or * to list all spells.
Aiming: Airstrike (safe; 9% risk of failure)
Press: ? - help, Dir - move target cursor, f - Pikel
Aim: Pikel, wielding a whip of flaming and wearing a robe The air twists around and strikes Pikel!
Pikel is lightly wounded.
Pikel barely misses you.
Casting: Airstrike (safe; 9% risk of failure)
Confirm with . or Enter, or press ? or * to list all spells.
Aiming: Airstrike (safe; 9% risk of failure)
Press: ? - help, Dir - move target cursor, f/p - Pikel
Aim: Pikel, wielding a whip of flaming and wearing a robe (lightly wounded)
You miscast Airstrike.
You are very lightly contaminated with residual magic.
You feel electric!
You are feeling hungry.
Pikel misses you.
Casting: Airstrike (safe; 9% risk of failure)
Confirm with . or Enter, or press ? or * to list all spells.
Aiming: Airstrike (safe; 9% risk of failure)
Press: ? - help, Dir - move target cursor, f/p - Pikel
Aim: Pikel, wielding a whip of flaming and wearing a robe (lightly wounded)
The air twists around and strikes Pikel!
Pikel is moderately wounded.
Pikel hits you with a whip of flaming. Pikel burns you.
Casting: Airstrike (safe; 9% risk of failure)
Confirm with . or Enter, or press ? or * to list all spells.
Aiming: Airstrike (safe; 9% risk of failure)
Press: ? - help, Dir - move target cursor, f/p - Pikel
Aim: Pikel, wielding a whip of flaming and wearing a robe (moderately wounded)
The air twists around and strikes Pikel!
Pikel is severely wounded.
Pikel closely misses you.
Eat one of 3 chunks of flesh? (ye/n/q)
You eat one of the 3 chunks of flesh.
This raw flesh tastes terrible.
Pikel completely misses you. Pikel closely misses you.
Pikel hits you with a whip of flaming.
* * * LOW HITPOINT WARNING * * *
Pikel burns you.
* * * LOW HITPOINT WARNING * * *
An orc comes into view. It is wielding a trident of protection.
The slave hits you but does no damage. Pikel hits you with a whip of flaming.
* * * LOW HITPOINT WARNING * * *
Pikel burns you.
* * * LOW HITPOINT WARNING * * *
Pikel hits you with a whip of flaming!
You die...

#.#.#.#.#.#.#.## ***,*****,*
.#.#.#.#.#.#...#
**,,,,,**,,*
#.#.#.#.#.#+...#
*,8,,,8,*,**
.#.#.#.#.#.#...###,,,,,,,*,*
#.#.#.#.#.#....#..,,,_,,,,,*
.#.#,#.#.#.#.###.#,,,,,,,***
#,*,*.#.#.#.#..#.#,8,,,8,*
,*,#.#o#.#.#.#.#.##,,,,,**
*,#.#.#.#.#.#..#@.###.#**
,#.#.#.#.#.#.#pK......#
#.#.#.#.#.#.#.#########
.#.#.#.#.#p#.##
#.#.#.#.#.#p#.#
.#.#.#.#.#p#.##
#.#.#.#.#.#.#.###########
.#.#.#.#.#.#............#
#.#.#.#.#p#p#...........#


You could see Pikel and 3 slaves.

Vanquished Creatures
  An ice beast (D:5)
  A slave (D:4)
  A hound (D:5)
  3 orc wizards
  An orc priest (D:4)
  A worker ant (D:5)
  A hound skeleton (D:4)
  5 gnolls
  4 adders
  An ooze (D:3)
  An adder skeleton (D:4)
  2 worms
  2 dart slugs
  4 leopard geckos
  14 orcs
  9 bats
  3 giant cockroaches (D:1)
  13 goblins
  11 hobgoblins
  7 jackals
  4 kobolds
  7 frilled lizards
  A leopard gecko skeleton (D:4)
  6 rats
103 creatures vanquished.

Notes
Turn   | Place    | Note
-------+----------+-------------------------------------------
     0 | D:1      | Amnesiac the Deep Elf Air Elementalist began the quest for the Orb.
     0 | D:1      | Reached XP level 1. HP: 10/10 MP: 6/6
   269 | D:1      | Reached XP level 2. HP: 15/15 MP: 6/8
   898 | D:2      | Reached XP level 3. HP: 20/20 MP: 6/10
  1474 | D:2      | Learned a level 2 spell: Swiftness
  1972 | D:3      | Reached skill level 1 in Fighting
  1972 | D:3      | Reached skill level 4 in Air Magic
  1980 | D:3      | Found a faded altar of an unknown god.
  2195 | D:4      | Reached XP level 4. HP: 23/25 MP: 10/12
  2266 | D:3      | Learned a level 4 spell: Airstrike
  2470 | D:3      | Reached XP level 5. HP: 29/29 MP: 0/13
  2669 | D:3      | Found a snail-covered altar of Cheibriados.
  2960 | D:3      | Became a worshipper of Cheibriados the Contemplative
  3288 | D:4      | Reached skill level 5 in Air Magic
  3452 | D:4      | Noticed an ogre
  3554 | D:4      | Reached skill level 5 in Spellcasting
  3557 | D:4      | Noticed Pikel
  3620 | D:4      | Noticed a slave
  3825 | D:4      | Reached XP level 6. HP: 35/35 MP: 0/15
  3836 | D:3      | Reached * piety under Cheibriados
  4056 | D:4      | Noticed a slave
  4071 | D:4      | Killed a slave
  4076 | D:4      | Noticed a slave
  4077 | D:4      | Noticed a slave
  4093 | D:5      | Entered Level 5 of the Dungeon
  4308 | D:5      | Noticed an ice beast
  4333 | D:5      | Learned a level 5 spell: Lightning Bolt
  4344 | D:5      | Killed an ice beast
  4559 | D:5      | Reached skill level 6 in Air Magic
  4651 | D:5      | Noticed a vampire
  4680 | D:4      | Slain by Pikel

Vault maps used:
D:1:      kilobyte_arrival_exit_the_forest, corexii_hall_statues_i
D:3:      kennysheep_the_goblin_king, lemuel_crystal_altar,
          chequers_ecumenical_altar_simple_redux, first_ration
D:4:      grunt_gozag_statues, uniq_pikel

Skill      XL: |  1  2  3  4  5  6 |
---------------+-------------------+-----
Fighting       | 1 2 |  2.5
Air Magic      | 4 5 6 |  6.0
Spellcasting   | 4 5 |  5.6
Dodging        | |  2.4
Stealth        | |  2.4
Conjurations   | |  1.1

Action                   |  1- 3 |  4- 6 || total
-------------------------+-------+-------++-------
Melee: Unarmed           |    10 |    12 ||    22
 Cast: Shock             |    82 |   154 ||   236
       Airstrike         |       |     9 ||     9
Invok: Bend Time         |       |     1 ||     1
  Use: Scroll            |       |    10 ||    10
       Potion            |       |     3 ||     3
  Eat: Chunk             |     4 |     8 ||    12
Armor: Robe              |     8 |     6 ||    14
Dodge: Dodged            |    28 |    44 ||    72
Block: Other             |       |     2 ||     2

Table legend:
 A = Spawn XP
 B = Non-spawn XP
 C = Spawn XP percentage of total XP
 D = Spawn monster count
 E = Non-spawn monster count
 F = Spawn count percentage of total count
 G = Total turns spent on level
                    A         B        C        D         E        F      G
               +---------+---------+-------+---------+---------+-------+---------
         Total |       0 |     700 |   0.0 |       0 |     102 |   0.0 |  4680
               +---------+---------+-------+---------+---------+-------+---------
           D:1 |       0 |      27 |   0.0 |       0 |      16 |   0.0 |   770
           D:2 |       0 |      46 |   0.0 |       0 |      20 |   0.0 |  1192
           D:3 |       0 |     198 |   0.0 |       0 |      42 |   0.0 |  1372
           D:4 |       0 |     189 |   0.0 |       0 |      17 |   0.0 |   777
           D:5 |       0 |     240 |   0.0 |       0 |       7 |   0.0 |   569
               +---------+---------+-------+---------+---------+-------+---------
